 Dungeon Sprint DCSS version 0.23.1 (webtiles) character file.

Game seed: 18118945777939912805

22866 dvd the Peltast (level 12, 0/121 HPs)
             Began as a Minotaur Fighter on Mar 18, 2019.
             Was the Champion of Cheibriados.
             Shot with a bolt by a yaktaur captain (33 damage)
             ... in the Dungeon (Sprint VII: "The Pits").
             The game lasted 00:11:21 (2209 turns).

dvd the Peltast (Minotaur Fighter)                  Turns: 2209, Time: 00:11:21

Health: 0/121      AC: 21    Str: 43    XL:     12   Next: 66%
Magic:  2/20       EV: 21    Int: 20    God:    Cheibriados [******]
Gold:   41         SH: 22    Dex: 28    Spells: 11/11 levels left

rFire    . . .     SeeInvis .   y - +6 war axe (freeze)
rCold    + . .     Gourm    .   c - +0 shield
rNeg     . . .     Faith    .   r - +6 chain mail {rC+}
rPois    .         Spirit   .   (helmet restricted)
rElec    .         Reflect  +   (no cloak)
rCorr    .         Harm     .   (no gloves)
MR       .....     NoTele   +   (no boots)
Stlth    ..........             h - +3 amulet of reflection
HPRegen  0.30/turn              u - +3 ring of evasion
MPRegen  0.17/turn              t - +3 ring of protection

@: mighty, very slow
A: retaliatory headbutt, horns 2
a: Bend Time, Temporal Distortion, Slouch, Step From Time, Renounce Religion


You were in the Dungeon.
You worshipped Cheibriados.
Cheibriados was exalted by your worship.
You were not hungry.

You visited 1 branch You collected 41 gold pieces.

Inventory:

Hand Weapons
 a - a +2 morningstar of protection
 j - the +0 mace of the New World {venom, Int+5 Dex+4}
   (You found it in the Dungeon)

   It poisons the flesh of those it strikes.
   It affects your intelligence (+5).
   It affects your dexterity (+4).
 x - the +2 scimitar of the Pits of Slime {freeze, *Noise rElec rN+}
   (You found it in the Dungeon)

   It has been specially enchanted to freeze those struck by it, causing extra
   injury to most foes and up to half again as much damage against particularly
   susceptible opponents.
   It can also slow down cold-blooded creatures.
   It insulates you from electricity.
   It protects you from negative energy.
   It may make noises in combat.
 y - a +6 war axe of freezing (weapon)
Missiles
 E - 20 tomahawks (quivered)
 F - 18 steel javelins
 G - 7 silver tomahawks
Armour
 b - a +5 ring mail
 c - a +0 shield (worn)
 q - a +3 chain mail
 r - a +6 chain mail of cold resistance (worn)
Jewellery
 h - a +3 amulet of reflection (around neck)
 t - a +3 ring of protection (right hand)
 u - a +3 ring of evasion (left hand)
 D - an uncursed ring of protection from fire
Scrolls
 k - 3 scrolls of blinking
 m - 3 scrolls of remove curse
 n - 5 scrolls of amnesia
 o - a scroll of summoning
 s - 2 scrolls of fear
 B - a scroll of fog
 C - 2 scrolls of identify
Potions
 d - 2 potions of might
 e - 10 potions of curing
 g - 10 potions of heal wounds
 i - 4 potions of magic
 l - 2 potions of invisibility
 v - 6 potions of mutation
 w - 2 potions of brilliance
 z - a potion of agility
 A - a potion of resistance
Comestibles
 f - 9 rations


   Skills:
 + Level 15.5 Fighting
 + Level 18.2(18.6) Axes
 + Level 7.1(13.9) Maces & Flails
 + Level 13.6 Armour
 + Level 8.4 Dodging
 + Level 3.2 Stealth
 + Level 19.3 Shields
 * Level 13.1 Invocations


You had 11 spell levels left.
You didn't know any spells.
Your spell library was empty.

Dungeon Overview and Level Annotations

Branches:
Dungeon (1/1)

Altars:
Ashenzari
Cheibriados
Dithmenos
Elyvilon
Fedhas
Gozag
Hepliaklqana
Kikubaaqudgha
Makhleb
Nemelex Xobeh
Okawaru
Qazlal
Ru
Sif Muna
Trog
Uskayaw
Vehumet
Wu Jian
Xom
Yredelemnul
Zin
The Shining One
Beogh
Jiyva
Lugonu


Innate Abilities, Weirdness & Mutations

You reflexively headbutt those who attack you in melee.
You have a pair of horns on your head.


Message History

You block the bone dragon's attack. x2
The bone dragon tramples you but does no damage.
All of the chunks of flesh in your inventory have rotted away.
You hit the bone dragon but do no damage.
You headbutt the bone dragon.
The bone dragon is almost destroyed.
The vault guard blocks your attack. You block the bone dragon's attack.
The bone dragon closely misses you.
The bone dragon tramples you but does no damage.
Unknown command.
You slash the bone dragon! You freeze the bone dragon.
You headbutt the bone dragon.
You destroy the bone dragon!
Cheibriados thoroughly appreciates the change of pace.
Your Shields skill increases to level 19!
Your Invocations skill increases to level 13!
The vault guard blocks your attack.
You slash the orc warlord! You freeze the orc warlord.
The yaktaur captain shoots a bolt.
The bolt hits you!!
You die...

.# .# .# .# .+ .+ +#
+##########################
..).............@(.((......
))))..........cp(o(........
)##############oc##########
.#


#ooooo .# #((o.oN .# #...†..# .# ###..### .# .... .# .... You could see 2 orc
warlords, a yaktaur captain, a vault guard, 6 orc knights and a yaktaur.

Vanquished Creatures
  A bone dragon (D)
  2 merfolk javelineers (D)
  Josephine (D)
  A hydra (D)
  A merfolk avatar (D)
  A fire crab (D)
  A shadow wraith (D)
  A sixfirhy (D)
  2 sea snakes (D)
  A lindwurm (D)
  5 orc knights (D)
  A wolf spider (D)
  A manticore (D)
  2 black mambas (D)
  An elephant (D)
  A molten gargoyle (D)
  2 rime drakes (D)
  A komodo dragon (D)
  A yaktaur (D)
  A guardian mummy (D)
  A hellwing (D)
  A hornet (D)
  6 merfolk (D)
  A tyrant leech (D)
  11 dream sheep (D)
  A hippogriff (D)
  2 redbacks (D)
  A spriggan (D)
  An air elemental (D)
  A shadow (D)
  A wyvern (D)
  5 yaks (D)
  3 wraiths (D)
  A warg (D)
  2 soldier ants (D)
  4 hell hounds (D)
  A water moccasin (D)
  A sky beast (D)
  An eye of draining (D)
  2 phantoms (D)
  An orc warrior (D)
  2 wolves (D)
  3 centaurs (D)
  Blork the orc (D)
  A scorpion (D)
  5 killer bees (D)
  2 crimson imps (D)
  A jelly (D)
  An orc priest (D)
  An iron imp (D)
  Terence (D)
  A hell rat (D)
  A worker ant (D)
  2 mummies (D)
  2 gnolls (D)
  3 river rats (D)
  An ooze (D)
  An adder skeleton (D)
  A worm (D)
  A leopard gecko (D)
  5 orcs (D)
  2 ball pythons (D)
  2 giant cockroaches (D)
  2 goblins (D)
  A hobgoblin (D)
  A quokka (D)
  2 rats (D)
122 creatures vanquished.

Vanquished Creatures (others)
  A merfolk (D)
1 creature vanquished.

Grand Total: 123 creatures vanquished

Notes
Turn   | Place    | Note
-------+----------+-------------------------------------------
     0 | D        | dvd the Minotaur Fighter began the quest for the Orb.
     0 | D        | Reached XP level 1. HP: 19/19 MP: 0/0
    19 | D        | Found a bloodstained altar of Trog.
    19 | D        | Found a deep blue altar of Sif Muna.
    19 | D        | Found a viscous altar of Jiyva.
    19 | D        | Found a hazy altar of Hepliaklqana.
    19 | D        | Found an opulent altar of Gozag.
    20 | D        | Found a glowing golden altar of the Shining One.
    20 | D        | Found a glowing silver altar of Zin.
    20 | D        | Found a basalt altar of Yredelemnul.
    20 | D        | Found a shimmering altar of Xom.
    20 | D        | Found an ornate altar of the Wu Jian Council.
    20 | D        | Found a sacrificial altar of Ru.
    20 | D        | Found a stormy altar of Qazlal.
    20 | D        | Found an iron altar of Okawaru.
    20 | D        | Found a sparkling altar of Nemelex Xobeh.
    20 | D        | Found a burning altar of Makhleb.
    20 | D        | Found a blossoming altar of Fedhas.
    20 | D        | Found a white marble altar of Elyvilon.
    20 | D        | Found a shadowy altar of Dithmenos.
    20 | D        | Found a snail-covered altar of Cheibriados.
    22 | D        | Found a radiant altar of Vehumet.
    22 | D        | Found a corrupted altar of Lugonu.
    22 | D        | Found a roughly hewn altar of Beogh.
    23 | D        | Found a hide-covered altar of Uskayaw.
    23 | D        | Found an ancient bone altar of Kikubaaqudgha.
    23 | D        | Found a shattered altar of Ashenzari.
    31 | D        | Became a worshipper of Cheibriados the Contemplative
    73 | D        | Reached skill level 4 in Shields
    79 | D        | Reached XP level 2. HP: 28/28 MP: 1/1
    80 | D        | Reached * piety under Cheibriados
    83 | D        | Noticed a centaur
    88 | D        | Killed a centaur
    88 | D        | Reached ** piety under Cheibriados
    88 | D        | Reached skill level 6 in Shields
    88 | D        | Reached XP level 3. HP: 11/38 MP: 2/2
    88 | D        | Reached XP level 4. HP: 13/45 MP: 3/3
    92 | D        | Reached skill level 7 in Shields
   384 | D        | Noticed Terence
   385 | D        | Noticed a sky beast
   391 | D        | Killed Terence
   391 | D        | Reached *** piety under Cheibriados
   394 | D        | Killed a sky beast
   394 | D        | Reached skill level 5 in Axes
   394 | D        | Reached skill level 8 in Shields
   394 | D        | Reached XP level 5. HP: 56/56 MP: 4/4
   395 | D        | Reached skill level 9 in Shields
   396 | D        | Reached **** piety under Cheibriados
   398 | D        | Reached XP level 6. HP: 62/62 MP: 5/5
   440 | D        | Reached ***** piety under Cheibriados
   443 | D        | Noticed Blork the orc
   451 | D        | Killed Blork the orc
   451 | D        | Reached skill level 10 in Shields
   469 | D        | Reached skill level 1 in Dodging
   484 | D        | Reached ****** piety under Cheibriados
   485 | D        | Reached XP level 7. HP: 47/71 MP: 6/6
   620 | D        | Got the +2 scimitar of the Pits of Slime {freeze, *Noise
                  | rElec rN+}
   718 | D        | Noticed a yak
   718 | D        | Noticed a yak
   719 | D        | Noticed a yak
   719 | D        | Noticed a yak
   720 | D        | Noticed a yak
   722 | D        | Killed a yak
   722 | D        | Reached skill level 10 in Fighting
   722 | D        | Reached skill level 10 in Armour
   722 | D        | Reached skill level 11 in Shields
   727 | D        | Killed a yak
   728 | D        | Killed a yak
   730 | D        | Killed a yak
   730 | D        | Reached skill level 10 in Axes
   730 | D        | Reached XP level 8. HP: 52/81 MP: 7/7
   731 | D        | Reached skill level 12 in Shields
   732 | D        | Noticed an elephant
   739 | D        | Killed an elephant
   739 | D        | Reached skill level 1 in Stealth
   881 | D        | Noticed a manticore
   888 | D        | Killed a manticore
   888 | D        | Reached skill level 13 in Shields
   888 | D        | Reached XP level 9. HP: 81/89 MP: 9/11
   895 | D        | Noticed an orc knight
   901 | D        | Reached skill level 5 in Invocations
   908 | D        | Killed an orc knight
   938 | D        | Noticed a tyrant leech
  1046 | D        | Reached skill level 14 in Shields
  1046 | D        | Reached XP level 10. HP: 94/97 MP: 6/13
  1050 | D        | Noticed a lindwurm
  1051 | D        | Noticed a sea snake
  1061 | D        | Killed a sea snake
  1061 | D        | Reached skill level 15 in Axes
  1064 | D        | Killed a lindwurm
  1067 | D        | Reached skill level 5 in Dodging
  1385 | D        | Noticed a molten gargoyle
  1398 | D        | Killed a molten gargoyle
  1399 | D        | Reached skill level 15 in Shields
  1539 | D        | Noticed a black mamba
  1539 | D        | Noticed a seven-headed hydra
  1548 | D        | Killed a black mamba
  1555 | D        | Killed a seven-headed hydra
  1555 | D        | Reached skill level 1 in Maces & Flails
  1555 | D        | Reached XP level 11. HP: 100/107 MP: 16/16
  1653 | D        | Got the +0 mace of the New World {venom, Int+5 Dex+4}
  1708 | D        | Reached skill level 16 in Shields
  1791 | D        | Noticed a sea snake
  1796 | D        | Killed a sea snake
  1798 | D        | Reached skill level 10 in Invocations
  1849 | D        | Noticed Josephine
  1857 | D        | Reached skill level 5 in Maces & Flails
  1864 | D        | Killed Josephine
  1948 | D        | Noticed a sixfirhy
  1954 | D        | Killed a sixfirhy
  1954 | D        | Reached skill level 17 in Shields
  2007 | D        | Noticed an orc knight
  2007 | D        | Noticed a merfolk javelineer
  2014 | D        | Killed an orc knight
  2022 | D        | Killed a merfolk javelineer
  2030 | D        | Reached XP level 12. HP: 94/118 MP: 19/19
  2175 | D        | Noticed a merfolk javelineer
  2186 | D        | Noticed a merfolk avatar
  2191 | D        | Noticed a yaktaur captain
  2191 | D        | Noticed a bone dragon
  2194 | D        | Killed a merfolk javelineer
  2194 | D        | Reached skill level 18 in Shields
  2194 | D        | Noticed a vault guard
  2196 | D        | Noticed an orc warlord
  2196 | D        | Noticed an orc warlord
  2197 | D        | Reached skill level 15 in Fighting
  2197 | D        | Killed a merfolk avatar
  2200 | D        | Noticed a naga warrior
  2209 | D        | Killed a bone dragon
  2209 | D        | Reached skill level 19 in Shields
  2209 | D        | Shot with a bolt by a yaktaur captain

Skill      XL: |  1  2  3  4  5  6  7  8  9 10 11 12 |
---------------+-------------------------------------+-----
Fighting       | 4 6 8 9 10 11 12 13 14 15 | 15.5
Armour         | 4 6 8 9 10 11 12 13 | 13.6
Shields        | 4 6 8 9 10 11 13 14 15 17 19 | 19.3
Axes           | 4 5 7 10 12 14 16 17 18 | 18.2
Dodging        | 1 2 3 4 6 8 |  8.4
Stealth        | 1 2 3 |  3.2
Invocations    | 4 6 9 11 13 | 13.1
Maces & Flails | 1 7 |  7.1

Action                   |  1- 3 |  4- 6 |  7- 9 | 10-12 || total
-------------------------+-------+-------+-------+-------++-------
Melee: Hand axe          |    10 |    41 |       |       ||    51
       War axe           |     3 |       |    50 |   135 ||   188
       Headbutt          |     3 |    15 |    19 |    60 ||    97
       Morningstar       |       |       |       |    12 ||    12
Invok: Slouch            |       |       |     1 |     4 ||     5
  Use: Scroll            |       |       |       |     9 ||     9
       Potion            |       |       |       |     2 ||     2
  Eat: Chunk             |       |       |       |     1 ||     1
Armor: Scale mail        |     5 |     2 |       |       ||     7
       Chain mail        |       |     7 |       |    24 ||    31
       Ring mail         |       |       |    12 |    23 ||    35
Dodge: Dodged            |     2 |     7 |    18 |    82 ||   109
Block: Shield            |    10 |    27 |    46 |   155 ||   238
       Reflection        |       |       |       |    13 ||    13
